 Dungeon Crawl Stone Soup version 0.31-a0-818-ge7c7cf74f0 (webtiles) character file.

Game seed: 13121489338195940076

228 Kurtz the Chopper (level 6, -2/42 HPs)
             Began as an Octopode Fighter on Sept 23, 2023.
             Slain by a gnoll bouda
             ... wielding a +0 club
              (9 damage)
             ... on level 4 of the Dungeon.
             The game lasted 00:02:23 (2683 turns).

Kurtz the Chopper (Octopode Fighter)                Turns: 2683, Time: 00:02:24

Health: -2/42      AC:  1    Str: 18    XL:     6   Next: 2%
Magic:  6/6        EV: 13    Int: 10    God:
Gold:   139        SH:  4    Dex: 11    Spells: 5/5 levels left

rFire   . . .        a - +0 war axe
rCold   . . .        b - +0 buckler
rNeg    . . .        (helmet restricted)
rPois   .            d - amulet of the acrobat
rElec   .            (no ring)
rCorr   .            (no ring)
SInv    .            (no ring)
Will    .....        (no ring)
Stlth   ++           (no ring)
HPRegen 0.27/turn    (no ring)
MPRegen 0.10/turn    (no ring)
                     (no ring)

%: acrobat
@: no status effects
A: almost no armour, amphibious, 8 rings, camouflage 1, gelatinous body 1,
(nimble swimmer 1), tentacles
a: no special abilities


You were on level 4 of the Dungeon.
You visited 1 branch of the dungeon, and saw 4 of its levels.
You also visited: Sewer.

You collected 139 gold pieces.

Inventory:

Hand Weapons
 a - a +0 war axe (weapon)
Missiles
 m - 6 poisoned darts (quivered)
Armour
 b - a +0 buckler (worn)
Jewellery
 d - an amulet of the acrobat (around mantle)
 e - an amulet of regeneration
Scrolls
 g - 2 scrolls of teleportation {unknown}
 h - a scroll of revelation {unknown}
 i - a scroll of poison {unknown}
 j - 2 scrolls of enchant weapon {unknown}
 l - a scroll of silence {unknown}
 n - a scroll of identify {unknown}
 p - 2 scrolls of fear {unknown}
Potions
 c - a potion of might
 f - a potion of heal wounds {unknown}
 k - a potion of attraction {unknown}
 o - 2 potions of magic {unknown}
 q - a potion of haste {unknown}
 r - a potion of cancellation {unknown}
 s - a potion of invisibility {unknown}
 t - a potion of mutation {unknown}
 u - 2 potions of brilliance {unknown}
 v - a potion of berserk rage {unknown}
 w - a potion of degeneration {unknown}
 x - a potion of enlightenment {unknown}


   Skills:
 - Level 3.0 Fighting
 * Level 6.1 Axes
 - Level 3.0 Dodging
 - Level 3.0 Shields


You had 5 spell levels left.
You didn't know any spells.
Your spell library was empty.

Dungeon Overview and Level Annotations

Branches:
Dungeon (4/15)              Sewer (visited)
 Temple: D:4-7

Altars:
Ru
Sif Muna

Shops:
D:2 ?


Innate Abilities, Weirdness & Mutations

You cannot wear most types of armour.
You are amphibious.
You can wear up to eight rings at the same time.
Your skin changes colour to match your surroundings (Stealth+).
Your rubbery body absorbs attacks. (AC +1, EV +1)
((You are camouflaged when in or above water. (Stealth+)))
You have tentacles for arms and can constrict up to eight enemies at once.


Message History

A gnoll comes into view. It is wielding a +0 halberd.
A gnoll is nearby!
A gnoll comes into view. It is wielding a +0 halberd.
Found a plate armour.
The gnoll shouts!
You hear a shout!
The gnoll shouts!
A gnoll comes into view. It is wielding a +0 flail.
A gnoll bouda comes into view. It is wielding a +0 club.
There are monsters nearby!
The gnoll completely misses you.
There are monsters nearby!
The gnoll completely misses you.
There are monsters nearby!
The gnoll bouda shouts!
You hit the gnoll. You grab the gnoll.
The gnoll is lightly wounded.
You constrict the gnoll. The gnoll completely misses you.
You block the gnoll's attack.
Unknown command.
You release your grip on the gnoll.
The gnoll completely misses you.
The gnoll bouda barks out a call to the hunt!
The gnolls pick up the pace!
The gnoll completely misses you.
You barely miss the gnoll. Your grab misses the gnoll.
The gnoll is moderately wounded.
The gnoll closely misses you. The gnoll hits you with a +0 halberd!
You block the gnoll's attack.
Unknown command.
You hit the gnoll. Your grab misses the gnoll.
The gnoll is severely wounded.
The gnoll hits you with a +0 halberd.
You hit the gnoll but do no damage. You grab the gnoll. You squeeze the gnoll.
You kill the gnoll!
You have reached level 6!
You closely miss the gnoll bouda. You grab the gnoll bouda.
You constrict the gnoll bouda.
The gnoll bouda hits you with a +0 club.
The gnoll hits you from afar with a +0 halberd!
* * * LOW HITPOINT WARNING * * *
The gnoll bouda hits you with a +0 club!
You die...

........#
...[...#
......#
..... ...
#g# #g# #g#
#@#
##########.#
#..........#
#.##########
#.# #.# #.#
#.# #.#


You could see a gnoll bouda and 2 gnolls.

Vanquished Creatures
  2 jellies (Sewer)
  Terence (D:3)
  2 gnolls
  2 adders (D:2)
  2 worms (Sewer)
  3 dart slugs
  2 orcs (D:3)
  8 ball pythons
  A bat (D:1)
  10 endoplasms
  16 giant cockroaches
  2 goblins
  4 hobgoblins
  8 kobolds
  7 quokkas
  8 frilled lizards
  7 rats
85 creatures vanquished.

Notes
Turn   | Place    | Note
-------+----------+-------------------------------------------
     0 | D:1      | Kurtz the Octopode Fighter began the quest for the Orb.
     0 | D:1      | Reached XP level 1. HP: 16/16 MP: 1/1
   140 | D:1      | Reached XP level 2. HP: 21/21 MP: 2/2
   224 | D:1      | Reached skill level 3 in Axes
   465 | D:1      | Reached XP level 3. HP: 26/26 MP: 3/3
   816 | D:2      | Reached skill level 4 in Axes
   876 | D:2      | Found a shimmering blue altar of Sif Muna.
   905 | D:2      | Found Fuompifroff's Magic Scroll Emporium.
   908 | D:2      | Reached XP level 4. HP: 31/31 MP: 4/4
  1421 | D:3      | Found a sacrificial altar of Ru.
  1431 | D:3      | Noticed Terence
  1440 | D:3      | Killed Terence
  1524 | D:3      | Found a glowing drain.
  1542 | Sewer    | Entered a sewer
  1568 | Sewer    | Reached skill level 5 in Axes
  1578 | Sewer    | Reached XP level 5. HP: 36/36 MP: 5/5
  1718 | Sewer    | Found a viscous altar of Jiyva.
  2115 | D:3      | Found a faded altar of an unknown god.
  2497 | D:3      | Reached skill level 6 in Axes
  2683 | D:4      | Reached XP level 6. HP: 28/42 MP: 6/6
  2683 | D:4      | Slain by a gnoll bouda

Illustrated notes

Levels and vault maps discovered:
D:1:      ncdulo_wetmaze, layout_loops_ring, corexii_hall_statues_l,
          serial_bayou_lagoon_a
D:2:      layout_basic, serial_shops, shop, basic_altar
D:3:      layout_basic, lemuel_doored_altar, dreamdust_ecumenical_altar_statues,
          gup_sewer_entry_pipe, dk_vineyard_2, kennysheep_flooded_box,
          st_stairs_13, wad_floor_pattern_2, uniq_terence
D:4:      layout_basic, uniq_robin, uniq_pikel

Skill      XL: |  1  2  3  4  5 |
---------------+----------------+-----
Axes           | 3 4 5 6 |  6.1
Fighting       | |  3.0
Dodging        | |  3.0
Shields        | |  3.0

Action                     |  1- 3 |  4- 6 || total
---------------------------+-------+-------++-------
  Melee: War axe           |    46 |    92 ||   138
         Constrict         |    10 |    21 ||    31
         Tentacles         |     9 |    19 ||    28
         Punch             |     1 |     1 ||     2
  Throw: Dart              |       |     4 ||     4
   Stab: Sleeping          |     9 |     7 ||    16
 Armour: Skin              |    15 |    29 ||    44
  Dodge: Dodged            |    18 |    56 ||    74
  Block: Buckler           |    10 |    13 ||    23

Table legend: (Time is in decaauts)
 A = Elapsed time spent in this place.
 B = Non-inter-level travel time spent in this place.
 C = Inter-level travel time spent in this place.
 D = Time resting spent in this place.
 E = Time spent auto-exploring this place.
 F = Levels seen in this place.
 G = Mean time per level.
                   A        B        C        D        E       F      G
               +--------+--------+--------+--------+--------+-----+--------+
         Total |   2725 |   2607 |    118 |    151 |   1893 |   5 |  545.0 |
       Dungeon |   2343 |   2225 |    118 |     33 |   1764 |   4 |  585.8 |
         Sewer |    381 |    381 |      0 |    118 |    129 |   1 |  381.0 |
               +--------+--------+--------+--------+--------+-----+--------+

Top non-repeatable levels by time:
     D:3: 884 daAuts
     D:1: 812 daAuts
     D:2: 617 daAuts
   Sewer: 381 daAuts
     D:4: 28 daAuts
